 Dungeon Crawl Stone Soup version 0.22-a0-40-g3d2f077def (webtiles) character file.

1739 NixNut the Spawn of Chaos (level 8, -3/64 HPs)
             Began as a Demonspawn Gladiator on Jan 5, 2018.
             Was an Initiate of Makhleb.
             Slain by an orc warrior
             ... wielding a +0 dire flail
             ... led by the fury of Okawaru
              (18 damage)
             ... on level 7 of the Dungeon.
             The game lasted 00:26:38 (6314 turns).

NixNut the Spawn of Chaos (Demonspawn Gladiator)    Turns: 6314, Time: 00:26:39

Health: -3/64      AC: 11    Str: 17    XL:     8   Next: 77%
Magic:  0/13       EV: 11    Int: 10    God:    Makhleb [......]
Gold:   341        SH:  0    Dex: 19    Spells: 7/7 levels left

rFire    + . .     SeeInvis .   i - +2 hand axe (elec)
rCold    . . .     Gourm    .   (no shield)
rNeg     . . .     Faith    +   b - +0 plate armour
rPois    .         Spirit   +   c - +0 helmet
rElec    .         Reflect  .   (no cloak)
rCorr    .         Harm     .   (no gloves)
MR       .....                  (boots unavailable)
Stlth    ..........             q - amulet of faith
HPRegen  0.20/turn              t - ring of protection from fire
MPRegen  0.13/turn              (no ring)

@: agile
A: hooves 3, magic shield, rot immunity
a: Renounce Religion


You were on level 7 of the Dungeon.
You worshipped Makhleb.
Makhleb was noncommittal.
You were not hungry.

You visited 1 branch of the dungeon, and saw 7 of its levels.

You collected 341 gold pieces.

Inventory:

Hand Weapons
 a - a +0 long sword
 i - a +2 hand axe of electrocution (weapon)
 o - a +3 dagger
 u - a +1 scythe of venom
 B - the +11 shortbow "Kyxuyn" {freeze, Dex+4}
   (You found it on level 6 of the Dungeon)

   It causes projectiles fired from it to freeze those they strike, causing
   extra injury to most foes and up to half again as much damage against
   particularly susceptible opponents.
   They can also slow down cold-blooded creatures.
   It affects your dexterity (+4).
 F - a +4 trident
Missiles
 y - a throwing net (quivered)
Armour
 b - a +0 plate armour (worn)
 c - a +0 helmet (worn)
 s - a +0 robe of the Archmagi
Jewellery
 q - an amulet of faith (around neck)
 t - a ring of protection from fire (left hand)
Wands
 K - a wand of iceblast (15)
Scrolls
 e - 3 scrolls of amnesia
 j - a scroll of magic mapping {unknown}
 k - 4 scrolls of remove curse
 n - a scroll of enchant armour {unknown}
 p - 2 scrolls of noise {unknown}
 r - 2 scrolls of fear {unknown}
 v - 2 scrolls of fog
 A - a scroll of identify
 E - a scroll of blinking {unknown}
 G - 2 scrolls of teleportation {unknown}
 J - 2 scrolls of silence {unknown}
Potions
 d - 2 potions of brilliance {unknown}
 g - 2 potions of heal wounds
 h - 3 potions of berserk rage {unknown}
 l - 2 potions of degeneration
 m - a potion of flight
 w - a potion of lignification {unknown}
 z - a potion of mutation {unknown}
 C - a potion of might {unknown}
 D - a potion of curing {unknown}
 H - a potion of resistance {unknown}
 I - a potion of haste {unknown}
Comestibles
 f - 7 rations
 L - 5 chunks of flesh


   Skills:
 + Level 5.9 Fighting
 - Level 3.7 Long Blades
 + Level 6.7 Axes
 - Level 1.7 Throwing
 + Level 0.4 Armour
 - Level 2.6 Dodging
 + Level 7.0 Invocations


You had 7 spell levels left.
You didn't know any spells.

Dungeon Overview and Level Annotations

Branches:
Dungeon (7/15)             Temple (0/1) D:6

Altars:
Ashenzari
Elyvilon
Fedhas
Makhleb
Nemelex Xobeh
Okawaru
Uskayaw
Wu Jian
Zin


Innate Abilities, Weirdness & Mutations

You have hooves in place of feet.
When hurt, damage is shared between your health and your magic reserves.
You are immune to rotting.


Message History

The merfolk hits you but does no damage.
The orc knight hits you with a long sword of slicing.
The warg bites you!
* * * LOW HITPOINT WARNING * * *
The merfolk hits you but does no damage.
You slash the merfolk javelineer!
You kick the merfolk javelineer, but do no damage.
The merfolk javelineer is moderately wounded.
You hit the orc knight but do no damage.
You slash the orc!
You kill the orc!
That felt strangely unrewarding.
You hit the orc warrior but do no damage.
You hit the warg. You closely miss the orc wizard. You hit the merfolk.
The orc wizard casts a spell at you. The magic dart hits you!
* * * LOW HITPOINT WARNING * * *
The merfolk javelineer struggles against the net.
The orc warrior hits you with a dire flail!!
You die...

##.## ........###.# #.#
#.# .# ........#
#.###.# #.# # ........#
#..##.# #.#
........###..##.###.#.#
##.....oo.#...)........
#.....§§.###.#)###.#.#
#..m§mo§§# #.....#
#...§§§o§# ##....#
#...omo@h# #....#
#..m§mmmo# #....#
#....§§§§# #....#
+......... .....#
#........## ##..##
#######... #.## #.#


You could see a merfolk javelineer (caught), an orc knight, 4 merfolk, a warg, 2
orc warriors and an orc wizard.

Vanquished Creatures
  Grinder (D:4)
  Sigmund (D:2)
  2 ice beasts (D:6)
  An orc warrior (D:7)
  2 phantoms
  2 ogres (D:4)
  A bullfrog (D:7)
  A scorpion (D:4)
  2 crimson imps
  A bullfrog zombie (D:6)
  2 hounds
  2 orc wizards
  An orc priest (D:3)
  An iguana (D:5)
  4 worker ants
  A killer bee zombie (D:6)
  A hound skeleton (D:6)
  8 adders
  2 oozes
  2 adder skeletons
  2 worms
  11 dart slugs
  7 leopard geckos
  25 orcs
  2 ball pythons
  14 bats
  5 giant cockroaches
  9 goblins
  7 hobgoblins
  14 jackals
  9 kobolds
  A quokka (D:7)
  3 frilled lizards
  11 rats
158 creatures vanquished.

Notes
Turn   | Place    | Note
-------+----------+-------------------------------------------
     0 | D:1      | NixNut the Demonspawn Gladiator began the quest for the Orb.
     0 | D:1      | Reached XP level 1. HP: 16/16 MP: 1/1
   146 | D:1      | Gained mutation: You are immune to rotting. [demonic ancestry]
   146 | D:1      | Reached XP level 2. HP: 19/22 MP: 2/2
   599 | D:1      | Reached XP level 3. HP: 24/28 MP: 3/3
  1206 | D:2      | Reached skill level 1 in Axes
  1303 | D:2      | Gained mutation: When hurt, damage is shared between your health and your magic reserves. [demonic ancestry]
  1303 | D:2      | Reached XP level 4. HP: 34/34 MP: 4/4
  1447 | D:2      | Noticed Sigmund
  1519 | D:3      | Gained mutation: You have large cloven feet. [demonic ancestry]
  1519 | D:3      | Reached XP level 5. HP: 19/41 MP: 3/5
  2000 | D:3      | Found a white marble altar of Elyvilon.
  2560 | D:4      | Noticed a phantom
  2585 | D:4      | Killed a phantom
  2585 | D:4      | Reached XP level 6. HP: 34/48 MP: 4/6
  2741 | D:4      | Noticed Grinder
  2813 | D:2      | Killed Sigmund
  3062 | D:2      | Found an iron altar of Okawaru.
  3071 | D:2      | Became a worshipper of Warmaster Okawaru
  3365 | D:4      | Reached skill level 1 in Invocations
  3365 | D:4      | Gained mutation: You have hoof-like feet. [demonic ancestry]
  3365 | D:4      | Reached XP level 7. HP: 27/55 MP: 4/7
  3610 | D:4      | Reached skill level 2 in Invocations
  3736 | D:4      | Paralysed by Grinder for 4 turns
  3741 | D:4      | Killed Grinder
  3741 | D:4      | Reached * piety under Okawaru
  3741 | D:4      | Reached skill level 5 in Axes
  3741 | D:4      | Reached skill level 3 in Invocations
  3741 | D:4      | HP: 2/55 [worm (6)]
  4064 | D:4      | Reached skill level 5 in Fighting
  4085 | D:4      | Reached skill level 4 in Invocations
  4377 | D:4      | Found a sparkling altar of Nemelex Xobeh.
  4508 | D:5      | Entered Level 5 of the Dungeon
  4750 | D:5      | Gained mutation: You have hooves in place of feet. [demonic ancestry]
  4750 | D:5      | Reached XP level 8. HP: 53/62 MP: 8/11
  5032 | D:6      | Found a glowing silver altar of Zin.
  5032 | D:6      | Found an ornate altar of the Wu Jian Council.
  5050 | D:6      | Found a burning altar of Makhleb.
  5051 | D:6      | Found a shattered altar of Ashenzari.
  5052 | D:6      | Found a hide-covered altar of Uskayaw.
  5053 | D:6      | Found a blossoming altar of Fedhas.
  5055 | D:6      | Reached skill level 5 in Invocations
  5188 | D:6      | Fell from the grace of Okawaru
  5188 | D:6      | Became a worshipper of Makhleb the Destroyer
  5502 | D:6      | Reached skill level 6 in Invocations
  5751 | D:6      | Found a staircase to the Ecumenical Temple.
  5865 | D:6      | Got a warped shortbow
  5866 | D:6      | Identified the +11 shortbow "Kyxuyn" {freeze, Dex+4} (You found it on level 6 of the Dungeon)
  5922 | D:6      | Found a blossoming altar of Fedhas.
  6281 | D:7      | Reached skill level 7 in Invocations
  6308 | D:7      | Noticed an orc knight
  6308 | D:7      | Noticed a merfolk javelineer
  6308 | D:7      | Noticed a merfolk
  6308 | D:7      | Noticed a merfolk
  6308 | D:7      | Noticed a merfolk
  6308 | D:7      | Noticed a merfolk
  6314 | D:7      | Slain by an orc warrior

Vault maps used:
D:1:      dpeg_arrival_rooms_with_view, minmay_tree_intersection,
          minmay_pentomino_q2
D:2:      kennysheep_okawaru_gauntlet, uniq_sigmund
D:3:      lemuel_doored_altar, kennysheep_generic_room_6
D:4:      kennysheep_slugbush, first_ration, minivault_11,
          nemelex_spade_bored_becter, uniq_grinder
D:5:      feat_on_display
D:6:      kennysheep_spiral_hall, grunt_temple_overflow_open,
          minmay_temple_entry_glassed_door, roderic_cross_of_infinity,
          fedhas_altar_1

Skill      XL: |  1  2  3  4  5  6  7  8 |
---------------+-------------------------+-----
Long Blades    | 3 |  3.7
Axes           | 1 2 3 4 5 6 |  6.7
Fighting       | 3 4 5 |  5.9
Invocations    | 1 4 7 |  7.0
Throwing       | |  1.7
Armour         | |  0.4
Dodging        | |  2.6

Action                   |  1- 3 |  4- 6 |  7- 9 || total
-------------------------+-------+-------+-------++-------
Melee: Long sword        |    90 |       |       ||    90
       Hand axe          |    33 |   116 |   132 ||   281
       Kick              |       |    30 |    35 ||    65
       Scythe            |       |    30 |     2 ||    32
Throw: Throwing net      |       |     1 |     8 ||     9
  Use: Scroll            |     1 |       |     8 ||     9
       Potion            |       |     1 |     1 ||     2
 Stab: Sleeping          |     1 |       |       ||     1
  Eat: Chunk             |     2 |     6 |     6 ||    14
       Ration            |       |       |     1 ||     1
Armor: Leather armour    |    35 |       |       ||    35
       Scale mail        |    22 |    51 |    44 ||   117
       Plate armour      |       |       |    13 ||    13
Dodge: Dodged            |    93 |    72 |    70 ||   235
       Rpst.: Long sword |    27 |       |       ||    27

Table legend:
 A = Spawn XP
 B = Non-spawn XP
 C = Spawn XP percentage of total XP
 D = Spawn monster count
 E = Non-spawn monster count
 F = Spawn count percentage of total count
 G = Total turns spent on level
                    A         B        C        D         E        F      G
               +---------+---------+-------+---------+---------+-------+---------
         Total |       0 |    2485 |   0.0 |       0 |     157 |   0.0 |  6314
               +---------+---------+-------+---------+---------+-------+---------
           D:1 |       0 |      65 |   0.0 |       0 |      39 |   0.0 |  1018
           D:2 |       0 |     294 |   0.0 |       0 |      20 |   0.0 |   803
           D:3 |       0 |     170 |   0.0 |       0 |      36 |   0.0 |  1211
           D:4 |       0 |     875 |   0.0 |       0 |      26 |   0.0 |  1476
           D:5 |       0 |     147 |   0.0 |       0 |       8 |   0.0 |   524
           D:6 |       0 |     645 |   0.0 |       0 |      20 |   0.0 |  1033
           D:7 |       0 |     289 |   0.0 |       0 |       8 |   0.0 |   249
               +---------+---------+-------+---------+---------+-------+---------
